AoeStats
← Mr. Penis

Arena

506609798Analyzed
4v4 RM · 17d ago on Sep 14, 2026· 9m 54s· 8 players
Game mode
Random Map
Map size
Large (8 player)
Population
200
Speed
Normal
Resources
Standard
Victory
Conquest
Starting age
Dark Age
Ending age
Imperial Age
RankedLock teamsTeams togetherTeam positionsShared explorationLock speedFull tech treeHidden civsTurbo modeCheats
Victory
Defeat
🇻🇳 Cumans · Vietnam
1340
+14
🇷🇺 Jurchens · Russia
1322
+15
🇪🇸 Turks · Spain
1308
+15
🇩🇪 Persians · Germany
1244
+17
🇨🇳 Poles · China
1332
-17
🇹🇼 Sicilians · Taiwan
1314
-16
🇹🇼 Britons · Taiwan
1281
-15
🇨🇳 Franks · China
1239
-13
1★跳高獵人
10:55 Feudal Age
chengyenfa
6:03 Loom
8:32 Feudal Age
relax
10:43 Feudal Age
pxh42
11:22 Feudal Age
Togepi
10:42 Feudal Age
Petit_Pois
Mr. Penis
11:18 Feudal Age
[D]T_Vi[R]us_[H]IV
10:10 Feudal Age
Connection lost

Rejoining the realm…

Still unreachable

The connection could not be restored.

Session expired

The server has moved on; the page needs a fresh start.